[Event "Titled Tuesday Blitz February 15 Late 2022"]
[White "Deac, Bogdan-Daniel"]
[Black "Mirzoev, Azer"]
[WhiteFideId "1226380"]
[BlackFideId "13400304"]
[WhiteElo "2646"]
[BlackElo "2525"]
[Result "1-0"]
[Round "10"]
[TimeControl "180+1"]
[Date "2022.02.15"]
[WhiteClock "0:00:37"]
[BlackClock "0:00:06"]

1. e4 e5 2. Nf3 Nc6 3. d4 exd4 4. Nxd4 Bc5 5. Nb3 Bb6 6. Qe2 d6 7. Be3 Nge7 8. Nc3 O-O 9. O-O-O f5 10. f4 fxe4 11. Bxb6 axb6 12. Qxe4 Bf5 13. Qf3 Qd7 14. h3 Be6 15. g4 Ne5 16. Qg3 Nc4 17. Bd3 b5 18. a3 c6 19. Rhe1 Nd5 20. Bxc4 bxc4 21. Nd4 Nxc3 22. Qxc3 Bd5 23. f5 Rae8 24. Ne2 Re5 25. Nf4 Rfe8 26. Rxe5 Rxe5 27. Re1 Qe7 28. Rxe5 dxe5 29. Qe3 Qd6 30. Ne2 h6 31. a4 Qc7 32. Nc3 Qd6 33. h4 Qe7 34. g5 hxg5 35. hxg5 Qf7 36. Qxe5 Qd7 37. g6 Kf8 38. f6 gxf6 39. Qxf6+ Kg8 40. Kb1 Qe6 41. Nxd5 Qxd5 42. Qe7 b5 43. Qh7+ 1-0


[Site "https://www.chess.com"]

[Event "Titled Tuesday Blitz February 15 Late 2022"]
[White "Degardin, Sylvain"]
[Black "Koepke, Christian"]
[WhiteFideId "20623070"]
[BlackFideId "4655737"]
[WhiteElo "2156"]
[BlackElo "2180"]
[Result "1-0"]
[Round "10"]
[TimeControl "180+1"]
[Date "2022.02.16"]
[WhiteClock "0:00:40"]
[BlackClock "0:00:03"]

1. d4 e6 2. c4 f5 3. g3 Nf6 4. Bg2 Be7 5. Nf3 d5 6. O-O Ne4 7. Nc3 c6 8. Qc2 O-O 9. Rb1 Nd7 10. b4 Nxc3 11. Qxc3 Nf6 12. b5 Ne4 13. Qc2 Bf6 14. e3 Nd6 15. Nd2 h5 16. Ba3 Rf7 17. bxc6 bxc6 18. cxd5 Ba6 19. Qxc6 Bxf1 20. Nxf1 Ne4 21. Bxe4 fxe4 22. dxe6 Rc7 23. Qxe4 Rac8 24. d5 Rc4 25. Qf3 Qa5 26. Bb2 Qxa2 27. Bxf6 Qxb1 28. Be5 Qe4 29. Qf7+ Kh8 30. Qxg7# 1-0


[Site "https://www.chess.com"]

[Event "Titled Tuesday Blitz February 15 Late 2022"]
[White "Dias, Joao Batista"]
[Black "Fiorito, Fabian"]
[WhiteFideId "2108240"]
[BlackFideId "100200"]
[WhiteElo "1898"]
[BlackElo "2395"]
[Result "0-1"]
[Round "10"]
[TimeControl "180+1"]
[Date "2022.02.16"]
[WhiteClock "0:00:37"]
[BlackClock "0:00:37"]

1. e4 c6 2. Nf3 d5 3. exd5 cxd5 4. d4 Nc6 5. h3 Bf5 6. Bd3 Bxd3 7. Qxd3 e6 8. c3 Nf6 9. O-O h6 10. Bf4 Be7 11. Nbd2 O-O 12. Rfe1 a6 13. Bh2 Rc8 14. Ne5 b5 15. a3 Nd7 16. Nxc6 Rxc6 17. Nf3 Qb6 18. Ne5 Nxe5 19. Bxe5 a5 20. Re2 Rfc8 21. Rae1 b4 22. axb4 axb4 23. cxb4 Bxb4 24. Rd1 f6 25. Bg3 Kf7 26. Qf3 g6 27. Be5 Be7 28. g4 Rc1 29. Rxc1 Rxc1+ 30. Kg2 Qb5 31. Bf4 Rc4 32. Bxh6 Rxd4 33. Be3 Re4 34. Rd2 Qb3 35. Qd1 Qxd1 36. Rxd1 Rb4 37. Rd2 Rb5 38. f4 e5 39. fxe5 fxe5 40. Rf2+ Ke6 41. Rd2 Rb3 42. Re2 Bh4 43. Bc1 d4 44. Bf4 Bf6 45. g5 Bg7 46. h4 Kd5 47. Bc1 e4 48. Rf2 Ke6 49. Re2 Kd5 50. Rf2 Rb7 51. h5 gxh5 52. g6 e3 53. Rf7 Rxf7 54. gxf7 Ke4 55. b4 d3 56. Kf1 h4 57. b5 h3 58. b6 e2+ 59. Kf2 Bd4+ 60. Ke1 h2 61. Kd2 h1=Q 62. f8=Q Qd1# 0-1


[Site "https://www.chess.com"]

[Event "Titled Tuesday Blitz February 15 Late 2022"]
[White "Dreev, Aleksey"]
[Black "Nazaretyan, Tigran"]
[WhiteFideId "4100107"]
[BlackFideId "24162345"]
[WhiteElo "2636"]
[BlackElo "2192"]
[Result "1-0"]
[Round "10"]
[TimeControl "180+1"]
[Date "2022.02.15"]
[WhiteClock "0:00:15"]
[BlackClock "0:00:04"]

1. d4 Nf6 2. Nf3 d6 3. g3 Nbd7 4. Bg2 e5 5. c4 c6 6. Nc3 e4 7. Nd2 d5 8. Qb3 Nb6 9. O-O dxc4 10. Nxc4 Be6 11. d5 cxd5 12. Nxb6 Qxb6 13. Be3 Qxb3 14. axb3 a6 15. f3 exf3 16. exf3 Be7 17. Bd4 O-O 18. f4 g6 19. Rad1 Rac8 20. Bxf6 Bxf6 21. Nxd5 Bxd5 22. Bxd5 b6 23. Rd2 Rfd8 24. Rfd1 Kg7 25. Bb7 Rxd2 26. Rxd2 Rc1+ 27. Kg2 Rb1 28. Rd7 Rxb2+ 29. Kh3 Rxb3 30. Bd5 Rd3 31. Rxf7+ Kh6 32. Bc4 Rd6 33. Bxa6 g5 34. f5 Bd4 35. Bc4 Rf6 36. Rd7 Bg1 37. Kg2 Be3 38. Kf3 Bg1 39. h3 Rxf5+ 40. Kg2 Bc5 41. Bd3 Rf2+ 42. Kh1 g4 43. h4 Be7 44. Rxe7 Rf5 45. Bxf5 Kh5 46. Rxh7# 1-0


[Site "https://www.chess.com"]

[Event "Titled Tuesday Blitz February 15 Late 2022"]
[White "Erdogdu, Mert"]
[Black "Przybylski, Wojciech"]
[WhiteFideId "6301495"]
[BlackFideId "1117599"]
[WhiteElo "2485"]
[BlackElo "2133"]
[Result "1-0"]
[Round "10"]
[TimeControl "180+1"]
[Date "2022.02.15"]
[WhiteClock "0:01:08"]
[BlackClock "0:00:48"]

1. e4 e5 2. f4 d5 3. exd5 exf4 4. Nf3 Nf6 5. Bc4 Nxd5 6. O-O Be7 7. d4 g5 8. Nc3 Be6 9. Bb3 c6 10. Ne4 Nd7 11. c4 Ne3 12. Bxe3 fxe3 13. d5 Bf5 14. Nfxg5 Bg6 15. dxc6 bxc6 16. Qd4 Qb6 17. Qxh8+ Nf8 18. c5 Bxc5 19. Qe5+ Ne6 20. Nxe6 e2+ 21. N6xc5+ 1-0


[Site "https://www.chess.com"]

[Event "Titled Tuesday Blitz February 15 Late 2022"]
[White "Fedoseev, Vladimir"]
[Black "Mekhitarian, Krikor Sevag"]
[WhiteFideId "24130737"]
[BlackFideId "2107660"]
[WhiteElo "2726"]
[BlackElo "2598"]
[Result "1-0"]
[Round "10"]
[TimeControl "180+1"]
[Date "2022.02.15"]
[WhiteClock "0:00:15"]
[BlackClock "0:00:01"]

1. d4 Nf6 2. c4 g6 3. Nc3 d5 4. Bd2 dxc4 5. e3 c5 6. Nf3 cxd4 7. Nxd4 Bg7 8. Bxc4 O-O 9. O-O Nbd7 10. Rc1 a6 11. a4 Nc5 12. Qc2 e5 13. Nf3 Bf5 14. Qd1 Nd3 15. Bxd3 Bxd3 16. Re1 e4 17. Ne5 Rc8 18. Qb3 Rc5 19. Nxd3 Qxd3 20. Red1 b5 21. Qa3 Rfc8 22. axb5 axb5 23. Be1 Qc4 24. b4 R5c6 25. h3 Qe6 26. Nxb5 Rxc1 27. Rxc1 Bf8 28. Nd4 Qd7 29. Rxc8 Qxc8 30. Qb2 Qb7 31. b5 Nd5 32. Qb3 Bc5 33. Ba5 Bxd4 34. exd4 Nf4 35. Qe3 Nxg2 36. Kxg2 Qxb5 37. Bc7 f5 38. Bg3 Qd7 39. Be5 Qe6 40. Qg5 Qd7 41. Qf6 1-0


[Site "https://www.chess.com"]

[Event "Titled Tuesday Blitz February 15 Late 2022"]
[White "Foisor, Sabina-Francesca"]
[Black "Hoffmann, Asa"]
[WhiteFideId "1212915"]
[BlackFideId "2001470"]
[WhiteElo "2243"]
[BlackElo "2117"]
[Result "1-0"]
[Round "10"]
[TimeControl "180+1"]
[Date "2022.02.16"]
[WhiteClock "0:00:27"]
[BlackClock "0:00:01"]

1. d4 Nf6 2. c4 c5 3. d5 e5 4. Nc3 d6 5. e4 Be7 6. Nf3 Nbd7 7. Be2 Nf8 8. O-O Ng6 9. g3 O-O 10. a3 Bh3 11. Re1 Ne8 12. Bf1 Bg4 13. h3 Bxf3 14. Qxf3 Bg5 15. h4 Bxc1 16. Raxc1 a6 17. b4 b6 18. h5 Ne7 19. h6 g6 20. Rb1 f5 21. Bh3 Qd7 22. bxc5 bxc5 23. Qg2 Nf6 24. Rb6 Rfb8 25. Reb1 Rxb6 26. Rxb6 Qc7 27. Rb1 Rb8 28. exf5 Rxb1+ 29. Nxb1 gxf5 30. Qf3 Qd7 31. Nc3 e4 32. Qf4 Kf7 33. Qg5 Ne8 34. Nxe4 Qa4 35. Bxf5 Qd1+ 36. Kg2 Nxf5 37. Qxf5+ Ke7 38. Qe6+ Kd8 39. Nxd6 1-0


[Site "https://www.chess.com"]

[Event "Titled Tuesday Blitz February 15 Late 2022"]
[White "Gerbelli Neto, Eduardo"]
[Black "Rangel, Daniel"]
[WhiteFideId "2103281"]
[BlackFideId "2124475"]
[WhiteElo "2178"]
[BlackElo "2187"]
[Result "1-0"]
[Round "10"]
[TimeControl "180+1"]
[Date "2022.02.16"]
[WhiteClock "0:00:42"]
[BlackClock "0:00:12"]

1. e4 e6 2. d4 d5 3. Nc3 a6 4. Nf3 Nf6 5. e5 Ne4 6. Nxe4 dxe4 7. Ng5 c5 8. Nxe4 Qxd4 9. Qxd4 cxd4 10. Bd3 Nc6 11. f4 Nb4 12. Bd2 Nxd3+ 13. cxd3 b5 14. Rc1 Bb7 15. Rc7 Bxe4 16. dxe4 a5 17. Ke2 Bb4 18. Rb7 O-O 19. Rxb5 d3+ 20. Ke3 Rfd8 21. a3 Bxd2+ 22. Kxd2 Rac8 23. Rc1 Rxc1 24. Kxc1 Rc8+ 25. Kd2 g5 26. g3 Rc2+ 27. Kxd3 Rxh2 28. f5 Rg2 29. f6 Rxg3+ 30. Kd4 h5 31. Rb8+ Kh7 32. Rf8 Kg6 33. Rg8+ Kh6 34. Rg7 h4 35. Rxf7 h3 36. Rf8 Rf3 37. Rh8+ Kg6 38. Rg8+ Kh7 39. Rxg5 a4 40. Kc5 Kh6 41. Rg8 Kh7 42. Rg4 Kh6 43. Kd6 Kh5 44. Rg8 Kh4 45. Kxe6 h2 46. Rh8+ Kg3 47. f7 Kg2 48. Rxh2+ Kxh2 49. Ke7 Kg2 50. e6 Rg3 51. f8=Q Rg6 52. Kf7 Rg3 53. e7 Rb3 54. Qg7+ Kf3 55. Qf6+ Ke2 56. e8=Q Kd1 57. Qd7+ Kc2 58. Qxa4 Kb1 59. Qxb3 Ka1 60. a4 Kb1 61. e5 Ka1 62. a5 Kb1 63. e6 Ka1 64. a6 Kb1 65. e7 Ka1 66. a7 Kb1 67. a8=Q Kc1 1-0


[Site "https://www.chess.com"]

[Event "Titled Tuesday Blitz February 15 Late 2022"]
[White "Goltseva, Ekaterina"]
[Black "Mikhailovsky, Vladimir"]
[WhiteFideId "24173770"]
[BlackFideId "34105414"]
[WhiteElo "2140"]
[BlackElo "2371"]
[Result "1/2-1/2"]
[Round "10"]
[TimeControl "180+1"]
[Date "2022.02.15"]
[WhiteClock "0:01:17"]
[BlackClock "0:00:16"]

1. d4 d5 2. c4 c6 3. Nf3 Nf6 4. g3 g6 5. Bg2 Bg7 6. b3 O-O 7. Bb2 Bf5 8. O-O Nbd7 9. Nc3 Ne4 10. Nh4 Nxc3 11. Bxc3 Be6 12. Qd3 Re8 13. cxd5 cxd5 14. Bb4 Qb6 15. Bc3 Rac8 16. e3 Rc7 17. Rfc1 Rec8 18. Bd2 Nf6 19. Rxc7 Rxc7 20. Rc1 Rxc1+ 21. Bxc1 Qa5 22. Qd2 Qc7 23. Bb2 Ne4 24. Bxe4 dxe4 25. Ng2 Bg4 26. Nf4 Bf3 27. Qc3 Qd7 28. Qc5 b6 29. Qd5 Qc8 30. Qc4 Qd7 31. Qd5 Qc8 32. Qc4 Qd7 33. Qd5 1/2-1/2


[Site "https://www.chess.com"]

[Event "Titled Tuesday Blitz February 15 Late 2022"]
[White "Golubenko, Valentina"]
[Black "Antonova, Nadezhda"]
[WhiteFideId "4501993"]
[BlackFideId "14700182"]
[WhiteElo "2164"]
[BlackElo "1765"]
[Result "0-1"]
[Round "10"]
[TimeControl "180+1"]
[Date "2022.02.16"]
[WhiteClock "0:00:12"]
[BlackClock "0:00:06"]

1. d4 Nf6 2. g3 g6 3. Bg2 Bg7 4. c4 O-O 5. d5 e6 6. Nc3 exd5 7. cxd5 d6 8. Nf3 Re8 9. O-O Nbd7 10. Re1 Nc5 11. Nd4 Bd7 12. e4 a6 13. b4 Bg4 14. f3 Ncxe4 15. Nxe4 Nxe4 16. fxg4 Nc3 17. Rxe8+ Qxe8 18. Qd2 Bxd4+ 19. Kh1 Nb5 20. Bb2 Bxb2 21. Qxb2 Qe3 22. Rf1 Qd4 23. Qe2 Qe5 24. Qf2 f6 25. Re1 Qd4 26. Qf3 Qc3 27. Rf1 Re8 28. h4 Qxf3 29. Rxf3 Re7 30. Rxf6 Nc3 31. g5 Nxa2 32. Bh3 Kg7 33. Be6 Nxb4 34. Rf4 a5 35. h5 gxh5 36. Rh4 Kg6 37. Rf4 Kxg5 38. Rf5+ Kg6 39. Kg2 a4 40. Rf4 Nd3 41. Rxa4 b6 42. Ra3 Nc5 43. Rf3 Nxe6 44. dxe6 Rxe6 45. Rc3 Re7 46. Rb3 c5 47. Rd3 Rd7 48. Rb3 d5 49. Rxb6+ Kg5 50. Rc6 c4 51. Rc5 Rd6 52. Kf3 h6 53. Ke3 Kf5 54. Kf3 Ke5 55. Ke3 Kf5 56. Kf3 Ke6 57. Ke3 Ke5 58. Kf3 Kd4 59. Rc8 c3 60. Ke2 Re6+ 61. Kd1 Kd3 62. Rc5 d4 63. Rxh5 Ra6 64. Ke1 Ra1+ 65. Kf2 c2 66. Rc5 c1=Q 67. Rxc1 Rxc1 68. Kf3 Rg1 69. Kg4 Ke2 70. Kh5 d3 71. g4 d2 72. Kxh6 Rxg4 73. Kh5 Rg1 74. Kh4 d1=Q 75. Kh3 Qd3+ 76. Kh2 Qg3# 0-1


[Site "https://www.chess.com"]

[Event "Titled Tuesday Blitz February 15 Late 2022"]
[White "Gracia Alvarez, Gerardo Antonio"]
[Black "Kim, Sergey"]
[WhiteFideId "5109124"]
[BlackFideId "13700570"]
[WhiteElo "2466"]
[BlackElo "2620"]
[Result "1/2-1/2"]
[Round "10"]
[TimeControl "180+1"]
[Date "2022.02.16"]
[WhiteClock "0:01:25"]
[BlackClock "0:01:32"]

1. e4 e5 2. Nc3 Nf6 3. f4 d5 4. fxe5 Nxe4 5. Qf3 Nxc3 6. dxc3 c5 7. Bf4 Be6 8. O-O-O Qa5 9. Kb1 Nc6 10. Nh3 h6 11. Bd3 O-O-O 12. Bg3 g5 13. Bf5 d4 14. c4 Be7 15. Bxe6+ fxe6 16. Qf7 Kd7 17. Rhf1 Rdf8 18. Qg7 Rfg8 19. Qf7 Rf8 20. Qg7 Rfg8 21. Qf7 Rf8 1/2-1/2


[Site "https://www.chess.com"]

[Event "Titled Tuesday Blitz February 15 Late 2022"]
[White "Grigorov, Grigor"]
[Black "Moskalenko, Alexander"]
[WhiteFideId "2907313"]
[BlackFideId "4155351"]
[WhiteElo "2510"]
[BlackElo "2515"]
[Result "0-1"]
[Round "10"]
[TimeControl "180+1"]
[Date "2022.02.15"]
[WhiteClock "0:00:18"]
[BlackClock "0:00:11"]

1. d4 e6 2. Nf3 b6 3. e4 Bb7 4. Bd3 Nf6 5. Qe2 d5 6. e5 Nfd7 7. Nbd2 Nc6 8. c3 a5 9. h4 h6 10. h5 Qe7 11. Nf1 O-O-O 12. Ng3 f6 13. Nh4 Qf7 14. Ng6 Rg8 15. f4 f5 16. Bd2 Ne7 17. Nxe7+ Bxe7 18. O-O-O g5 19. hxg6 Rxg6 20. Nh5 Rdg8 21. Rdg1 Rg4 22. Qf2 Nb8 23. Be2 R4g6 24. Qf1 Qe8 25. Kb1 a4 26. a3 Bc6 27. Rh3 Kb7 28. g4 Rxg4 29. Bxg4 fxg4 30. Rhh1 Bb5 31. Qd1 Bd3+ 32. Ka1 Qb5 33. Bc1 Nc6 34. Rg3 Be4 35. Rhg1 Na5 36. Qf1 Qb3 37. Qd1 Qc4 38. Qf1 Nb3+ 39. Ka2 Nxc1+ 0-1


[Site "https://www.chess.com"]

[Event "Titled Tuesday Blitz February 15 Late 2022"]
[White "Gurevich, Dmitry"]
[Black "Corrales Jimenez, Fidel"]
[WhiteFideId "2000407"]
[BlackFideId "3506690"]
[WhiteElo "2506"]
[BlackElo "2541"]
[Result "1-0"]
[Round "10"]
[TimeControl "180+1"]
[Date "2022.02.15"]
[WhiteClock "0:00:04"]
[BlackClock "0:00:10"]

1. d4 Nf6 2. c4 g6 3. Nc3 d5 4. Nf3 Bg7 5. cxd5 Nxd5 6. Bd2 Nb6 7. Bg5 O-O 8. e3 h6 9. Bf4 g5 10. Bg3 Nc6 11. Bb5 Bd7 12. O-O a6 13. Be2 Rc8 14. Rc1 Re8 15. d5 Na7 16. Ne5 c6 17. Qb3 Bxe5 18. Bxe5 cxd5 19. Bd4 Nb5 20. Nxb5 axb5 21. Bxb5 Bxb5 22. Qxb5 Nc4 23. b3 Nd6 24. Qxd5 Qd7 25. Qe5 f6 26. Qd5+ Kg7 27. Bc5 Qf5 28. Qxf5 Nxf5 29. e4 Nh4 30. Bb4 Ng6 31. g3 Kf7 32. Kg2 g4 33. h3 h5 34. hxg4 hxg4 35. Rfd1 Ne5 36. Bc3 Nf3 37. Bb2 Rxc1 38. Rxc1 Rd8 39. Rc2 Rh8 40. Kf1 e5 41. Ke2 Ke6 42. Bc3 Rc8 43. Rc1 b5 44. Bb2 Ra8 45. a3 Rd8 46. Rd1 Rh8 47. a4 b4 48. a5 Ra8 49. Ra1 Ra6 50. Kd3 Kd6 51. Kc4 Kc6 52. Kxb4 Kb7 53. Kb5 Nd2 54. Rd1 Rd6 55. Bc3 Nxe4 56. Rxd6 Nxd6+ 57. Kc5 Ne4+ 58. Kc4 Nxf2 59. b4 Ne4 60. Be1 Nd6+ 61. Kc5 Ne4+ 62. Kd5 Ng5 63. b5 e4 64. Bf2 f5 65. a6+ Kb8 66. Bc5 Nf7 67. b6 Nd8 68. Bd6+ Kc8 69. b7+ Nxb7 70. a7 Nxd6 71. a8=Q+ Kc7 72. Qc6+ Kb8 73. Qxd6+ Ka7 74. Qf4 Ka6 75. Qxf5 e3 76. Qe5 Kb5 77. Qxe3 Kb4 78. Qf4+ Kc3 79. Qxg4 Kd2 80. Qf4+ 1-0


[Site "https://www.chess.com"]

[Event "Titled Tuesday Blitz February 15 Late 2022"]
[White "Hambleton, Aman"]
[Black "Sadhwani, Raunak"]
[WhiteFideId "2606577"]
[BlackFideId "35093487"]
[WhiteElo "2552"]
[BlackElo "2616"]
[Result "0-1"]
[Round "10"]
[TimeControl "180+1"]
[Date "2022.02.15"]
[WhiteClock "0:00:01"]
[BlackClock "0:00:38"]

1. d4 Nf6 2. Bf4 d5 3. e3 e6 4. Nf3 c5 5. c3 Nc6 6. Nbd2 Nh5 7. Be5 f6 8. Bg3 g6 9. Bd3 Be7 10. O-O O-O 11. dxc5 Bxc5 12. e4 Nxg3 13. hxg3 dxe4 14. Nxe4 Be7 15. Qe2 e5 16. Rad1 Qc7 17. Bc4+ Kg7 18. b4 f5 19. Nc5 e4 20. Nd4 Bxc5 21. bxc5 Ne5 22. Ne6+ Bxe6 23. Bxe6 Rae8 24. Bb3 Qxc5 25. Rd5 Qxc3 26. Rfd1 Re7 27. Rd6 Rfe8 28. Qb5 Nd3 29. Rd7 Qc5 30. Rxe7+ Rxe7 31. Qxc5 Nxc5 32. Rd8 Nxb3 33. axb3 Kf6 34. Kf1 Ke6 35. Ke2 Rd7 36. Ra8 a6 37. Rb8 Kd6 38. f3 exf3+ 39. gxf3 Kc5 40. Re8 Kb4 41. Re3 b5 42. g4 fxg4 43. fxg4 h5 44. g5 a5 45. Kf3 Rd5 46. Ke4 Rxg5 0-1


[Site "https://www.chess.com"]

[Event "Titled Tuesday Blitz February 15 Late 2022"]
[White "Hamley, Ryan"]
[Black "Dronavalli, Harika"]
[WhiteFideId "30959497"]
[BlackFideId "5015197"]
[WhiteElo "2445"]
[BlackElo "2382"]
[Result "1-0"]
[Round "10"]
[TimeControl "180+1"]
[Date "2022.02.15"]
[WhiteClock "0:02:01"]
[BlackClock "0:01:34"]

1. d4 Nf6 2. c4 e6 3. Nf3 d5 4. Nc3 Bb4 5. Qa4+ Nc6 6. cxd5 exd5 7. Bg5 O-O 8. e3 h6 9. Bxf6 Qxf6 10. Be2 Be6 11. O-O a6 12. Qd1 Bd6 13. Rc1 Rfe8 14. Re1 Rad8 15. Na4 Ne7 16. Nc5 Bc8 17. Qb3 Bxc5 18. Rxc5 c6 19. a4 Ng6 20. Qb6 Re7 21. Qxd8+ Kh7 22. Qxc8 Qd6 23. Qf5 Kg8 24. h3 Re6 25. Rec1 Ne7 26. Qd3 Ng6 27. b4 1-0


[Site "https://www.chess.com"]

[Event "Titled Tuesday Blitz February 15 Late 2022"]
[White "Haszon, David"]
[Black "Josse, Mark"]
[WhiteFideId "733610"]
[BlackFideId "414476"]
[WhiteElo "2201"]
[BlackElo "2288"]
[Result "0-1"]
[Round "10"]
[TimeControl "180+1"]
[Date "2022.02.16"]
[WhiteClock "0:00:45"]
[BlackClock "0:01:00"]

1. e4 e6 2. d4 d5 3. Nd2 Nf6 4. e5 Nfd7 5. Bd3 c5 6. c3 b6 7. Qe2 a5 8. f4 Ba6 9. Ngf3 g6 10. O-O Bxd3 11. Qxd3 Nc6 12. c4 dxc4 13. Qxc4 Be7 14. d5 exd5 15. Qxd5 Ndb8 16. Qb3 O-O 17. Nc4 Nd7 18. f5 a4 19. Qc2 b5 20. Nd6 Ndxe5 21. Nxe5 Nxe5 22. Ne4 Qd4+ 23. Kh1 Qd3 24. Qxd3 Nxd3 25. f6 Bd8 26. Bh6 Re8 27. Nd6 Re6 28. Nxb5 Rxf6 29. Nc3 Nxb2 30. Be3 c4 31. Bd4 Rxf1+ 32. Rxf1 Nd3 33. g3 f5 34. Kg2 Rb8 35. Nxa4 Ra8 36. Nc3 Ra3 37. Rb1 Ba5 38. Rb8+ Kf7 39. Rb7+ Ke6 40. Ra7 Bxc3 41. Rxa3 Bxd4 42. Ra6+ Ke5 43. Ra5+ Ke4 44. Ra8 c3 45. Rc8 Nc5 0-1


[Site "https://www.chess.com"]

[Event "Titled Tuesday Blitz February 15 Late 2022"]
[White "Hess, Robert"]
[Black "Debray, Christopher"]
[WhiteFideId "2022036"]
[BlackFideId "630810"]
[WhiteElo "2557"]
[BlackElo "2369"]
[Result "1-0"]
[Round "10"]
[TimeControl "180+1"]
[Date "2022.02.15"]
[WhiteClock "0:01:16"]
[BlackClock "0:00:14"]

1. b3 d5 2. Bb2 Nf6 3. d3 Nc6 4. Nd2 e5 5. h3 Bc5 6. e3 O-O 7. a3 Bb6 8. g4 Re8 9. Bg2 h6 10. Ne2 a5 11. Ng3 Be6 12. Qe2 Qd7 13. O-O-O a4 14. b4 d4 15. Nc4 Nd5 16. Bxd5 Bxd5 17. e4 Be6 18. Nf5 f6 19. h4 Na7 20. Rdg1 Nb5 21. g5 Bxf5 22. gxf6 g6 23. Qf3 Kh7 24. exf5 Qxf5 25. Qxf5 gxf5 26. Rg7+ Kh8 27. Rhg1 Rg8 28. Nxe5 Nd6 29. Ng6# 1-0


[Site "https://www.chess.com"]

[Event "Titled Tuesday Blitz February 15 Late 2022"]
[White "Horak, Martin"]
[Black "Vine, Elzbieta"]
[WhiteFideId "367095"]
[BlackFideId "1119320"]
[WhiteElo "1997"]
[BlackElo "1848"]
[Result "1-0"]
[Round "10"]
[TimeControl "180+1"]
[Date "2022.02.16"]
[WhiteClock "0:01:26"]
[BlackClock "0:01:11"]

1. d4 d5 2. c4 dxc4 3. e4 Nc6 4. Be3 g6 5. Bxc4 Bg7 6. Ne2 Bg4 7. f3 Bd7 8. Nbc3 e6 9. Qd2 Nge7 10. Bh6 O-O 11. h4 a6 12. h5 b5 13. Bxg7 Kxg7 14. hxg6 Nxg6 15. e5 Rh8 16. Qh6+ Kg8 17. Ne4 f5 18. Nf6+ Kf7 19. Nxh7 bxc4 20. Ng5+ Ke7 21. Qg7+ Ke8 22. Qf7# 1-0


[Site "https://www.chess.com"]

[Event "Titled Tuesday Blitz February 15 Late 2022"]
[White "Indjic, Aleksandar"]
[Black "Rosen, Eric"]
[WhiteFideId "911925"]
[BlackFideId "2032562"]
[WhiteElo "2616"]
[BlackElo "2362"]
[Result "1-0"]
[Round "10"]
[TimeControl "180+1"]
[Date "2022.02.15"]
[WhiteClock "0:00:20"]
[BlackClock "0:00:02"]

1. d4 d5 2. Nf3 Nf6 3. Bf4 c5 4. e3 cxd4 5. exd4 Bf5 6. c3 Nc6 7. Qb3 Qb6 8. Nbd2 e6 9. Nh4 Be4 10. Nxe4 dxe4 11. g3 h6 12. Ng2 Nd5 13. Bd2 Bd6 14. Bc4 O-O 15. Ne3 Nf6 16. Qxb6 axb6 17. Ke2 Rfc8 18. a4 Ne7 19. Bb3 Nfd5 20. Nc4 Bc7 21. f3 exf3+ 22. Kxf3 Nc6 23. Rhe1 Nf6 24. Ne3 Rd8 25. Red1 Ne7 26. Nc4 Ned5 27. Na3 Rd7 28. Nb5 Bd8 29. Be1 Be7 30. Bf2 g5 31. Re1 Kg7 32. Rad1 Kg6 33. Kg2 Kg7 34. Re2 Rc8 35. Rf1 Bd8 36. Na3 Ne7 37. Nc4 Nc6 38. Ne5 Nxe5 39. Rxe5 Bc7 40. Rb5 Nd5 41. Re1 Ne7 42. h4 Kg6 43. hxg5 hxg5 44. g4 Nd5 45. Kf3 1-0


[Site "https://www.chess.com"]

[Event "Titled Tuesday Blitz February 15 Late 2022"]
[White "Iskusnyh, Sergei"]
[Black "Gubajdullin, Alexei"]
[WhiteFideId "4120027"]
[BlackFideId "4141202"]
[WhiteElo "2659"]
[BlackElo "2557"]
[Result "1-0"]
[Round "10"]
[TimeControl "180+1"]
[Date "2022.02.16"]
[WhiteClock "0:00:43"]
[BlackClock "0:01:06"]

1. d4 g6 2. c4 Bg7 3. Nf3 d6 4. g3 Nf6 5. Bg2 O-O 6. O-O Nbd7 7. Nc3 e5 8. e4 c6 9. Be3 exd4 10. Nxd4 Re8 11. h3 Nc5 12. Qc2 a5 13. Rad1 Nfd7 14. b3 Qe7 15. Rfe1 h5 16. f4 Nf6 17. Bf2 h4 18. g4 Bxg4 19. hxg4 Nxg4 20. Bf3 Nxf2 21. Qxf2 Qf6 22. Bg2 Re7 23. Nde2 b6 24. Nd4 Rc8 25. e5 dxe5 26. Nxc6 Rxc6 27. Nd5 Qd6 28. Nxe7+ Qxe7 29. Bxc6 Qc7 30. Bd5 exf4 31. Re8+ Kh7 32. Qxh4+ Bh6 33. Rh8+ Kxh8 34. Qxh6+ Kg8 35. Qxg6+ Kf8 36. Qh6+ Kg8 37. Kh1 1-0


[Site "https://www.chess.com"]

[Event "Titled Tuesday Blitz February 15 Late 2022"]
[White "Jaferian, Koosha"]
[Black "Yushko, Olga"]
[WhiteFideId "12507440"]
[BlackFideId "14114500"]
[WhiteElo "2027"]
[BlackElo "2028"]
[Result "1-0"]
[Round "10"]
[TimeControl "180+1"]
[Date "2022.02.16"]
[WhiteClock "0:00:04"]
[BlackClock "0:00:04"]

1. Nf3 e6 2. b3 f5 3. Bb2 Nf6 4. g3 Be7 5. Bg2 O-O 6. O-O d6 7. d4 Qe8 8. c4 Qg6 9. Nc3 a5 10. Nd2 e5 11. dxe5 dxe5 12. e4 f4 13. Nd5 Bd8 14. Bxe5 fxg3 15. hxg3 Ng4 16. Bf4 Qh5 17. Nf3 Na6 18. Ne3 Bf6 19. Rb1 Nc5 20. Qd5+ Qxd5 21. Nxd5 Nxe4 22. Nxc7 Ra7 23. Rbe1 Nc3 24. Nh2 Nxh2 25. Kxh2 Nxa2 26. Be3 b6 27. Bxb6 Rxc7 28. Bxc7 Bc3 29. Re2 Nb4 30. Bd6 Rd8 31. Bxb4 Bxb4 32. Bd5+ Kh8 33. Rd1 g6 34. Rd3 Bc5 35. Rf3 Bg4 36. Kg2 Bxf3+ 37. Kxf3 Rf8+ 38. Kg2 Kg7 39. Bc6 Rb8 40. Bb5 Kf7 41. f4 Rd8 42. Re5 Bb4 43. Re3 Rd2+ 44. Kf3 Rd1 45. Ke4 Rd6 46. Rf3 Kf6 47. g4 Bc5 48. g5+ Kf7 49. Ke5 Rd1 50. f5 Bd6+ 51. Ke4 gxf5+ 52. Rxf5+ Kg7 53. Rd5 Re1+ 54. Kf5 Rf1+ 55. Ke6 Bb4 56. c5 Re1+ 57. Kd7 Kg6 58. c6 Re7+ 59. Kd8 a4 60. bxa4 Ra7 61. c7 Ba5 62. Rd7 Kxg5 63. Kc8 Bb6 64. Kb8 Kf6 65. c8=Q 1-0


[Site "https://www.chess.com"]

[Event "Titled Tuesday Blitz February 15 Late 2022"]
[White "Janaszak, Dawid"]
[Black "Jarocka, Liwia"]
[WhiteFideId "1119206"]
[BlackFideId "21807558"]
[WhiteElo "2199"]
[BlackElo "1896"]
[Result "1-0"]
[Round "10"]
[TimeControl "180+1"]
[Date "2022.02.16"]
[WhiteClock "0:02:25"]
[BlackClock "0:01:01"]

1. e4 e6 2. b3 d5 3. Bb2 dxe4 4. Nc3 Nf6 5. Qe2 Bb4 6. O-O-O Bxc3 7. dxc3 Qe7 8. g4 O-O 9. g5 Nd5 10. h4 b6 11. c4 Nb4 12. Qxe4 N4c6 13. Bd3 g6 14. Nf3 Bb7 15. Ne5 Qc5 16. Ng4 Nd7 17. Nh6# 1-0


[Site "https://www.chess.com"]

[Event "Titled Tuesday Blitz February 15 Late 2022"]
[White "Jobava, Baadur"]
[Black "Kavyev, Ruslan"]
[WhiteFideId "13601520"]
[BlackFideId "34110981"]
[WhiteElo "2617"]
[BlackElo "2182"]
[Result "1-0"]
[Round "10"]
[TimeControl "180+1"]
[Date "2022.02.15"]
[WhiteClock "0:02:29"]
[BlackClock "0:00:59"]

1. e4 c5 2. Nf3 d6 3. c4 Bg4 4. Nc3 Nc6 5. Be2 g6 6. d3 Bg7 7. O-O Nf6 8. Kh1 O-O 9. Be3 Bxf3 10. Bxf3 Nd7 11. g3 Nd4 12. Bg2 Rb8 13. Rc1 a6 14. b3 b5 15. f4 b4 16. Ne2 Nxe2 17. Qxe2 a5 18. g4 a4 19. g5 axb3 20. axb3 Ra8 21. f5 Qa5 22. Rf2 Qa3 23. Qd1 Ra7 24. h4 Rfa8 25. h5 Bd4 26. Bxd4 cxd4 27. fxg6 hxg6 28. hxg6 fxg6 29. Bh3 Ne5 30. Kg2 Rf8 31. Be6+ Kg7 32. Rxf8 Kxf8 33. Qh1 Qb2+ 34. Kg3 Nf7 35. Rf1 1-0


[Site "https://www.chess.com"]